Map: [ESL] Data-C

Players

ShoWTimE - Winner!

  • Race: Protoss Protoss
  • Spawn Location: 3:00

Spirit

  • Race: Terran Terran
  • Spawn Location: 9:00

Event: DreamHack SC2 Masters 2022 Atlanta (Online)

VOD

Have the link to the VOD?

Description

Time

  • Played on: Oct. 13, 2022, 12:18 p.m.
  • Length: 21:27

All games in this series

Show
View Real Time Build Order
Export as new Build Order

ShoWTimE Protoss - Winner!

Build Orders: 1 Gate Expand, Oracle Opening 

Get SALT Encoding   

  12  0:00  Probe  
  13  0:12  Probe  
  14  0:17  Pylon  
  14  0:24  Probe (Chrono Boost)  
  15  0:35  Gateway  
  15  0:36  Probe (Chrono Boost)  
  16  0:45  Probe (Chrono Boost)  
  16  0:46  Assimilator  
  17  0:51  Probe  
  18  1:03  Probe  
  19  1:15  Probe  
  20  1:23  Nexus  
  20  1:32  Cybernetics Core  
  20  1:36  Probe  
  21  1:41  Assimilator  
  21  1:48  Probe  
  21  1:51  Pylon  
  22  2:00  Probe  
  23  2:06  Adept (Chrono Boost)  
  23  2:12  Probe  
  26  2:20  Stargate  
  26  2:25  Probe (Chrono Boost)  
  26  2:26  Adept (Chrono Boost)  
  29  2:31  Warp Gate  
  29  2:34  Probe (Chrono Boost)  
  31  2:42  Probe (Chrono Boost)  
  31  2:44  Probe (Chrono Boost)  
  32  2:48  Adept  
  32  2:49  Probe (Chrono Boost)  
  35  2:54  Probe  
  36  3:01  Oracle (Chrono Boost), Probe  
  40  3:06  Probe  
  40  3:09  Pylon  
  41  3:13  Probe  
  41  3:18  Probe  
  41  3:19  Adept  
  45  3:25  Probe  
  46  3:30  Probe  
  45  3:38  Oracle (Chrono Boost)  
  43  3:43  Probe  
  43  3:46  Gateway  
  47  3:49  Probe  
  47  3:54  Pylon  
  48  3:57  Nexus  
  48  4:01  Probe  
  49  4:08  Probe  
  50  4:10  Pylon  
  50  4:13  Probe  
  50  4:14  Phoenix (Chrono Boost)  
  53  4:20  Probe, Assimilator  
  53  4:24  Assimilator  
  54  4:25  Probe  
  54  4:26  Twilight Council  
  55  4:32  Probe  
  55  4:36  Phoenix (Chrono Boost)  
  58  4:38  Probe  
  60  4:45  Probe  
  60  4:50  Probe  
  61  4:53  Robotics Facility  
  61  4:56  Gateway  
  61  4:57  Probe  
  61  4:59  Phoenix  
  64  5:02  Probe  
  64  5:03  Charge (Chrono Boost)  
  62  5:09  Gateway, Probe  
  62  5:12  Pylon  
  63  5:15  Probe x2  
  63  5:16  Sentry  
  67  5:22  Probe, Gateway  
  67  5:27  Shield Battery, Probe x2  
  70  5:32  Sentry  
  70  5:35  Probe  
  73  5:37  Pylon  
  73  5:39  Probe  
  73  5:41  Robotics Bay  
  74  5:45  Pylon  
  74  5:47  Observer (Chrono Boost)  
  74  5:48  Probe x2  
  77  5:51  Probe  
  77  5:53  Zealot x2  
  77  5:55  Zealot  
  84  5:59  Phoenix  
  84  6:00  Probe x2  
  84  6:04  Pylon  
  88  6:05  Immortal (Chrono Boost)  
  92  6:18  Zealot x4  
  100  6:20  Zealot  
  102  6:29  Pylon  
  102  6:33  Colossus (Chrono Boost)  
  108  6:41  Phoenix  
  108  6:43  Pylon  
  108  6:44  Zealot  
  108  6:45  Zealot x2  
  108  6:46  Pylon  
  116  7:01  Probe x2  
  116  7:05  Zealot x3  
  116  7:06  Phoenix, Probe  
  121  7:10  Extended Thermal Lance  
  121  7:13  Probe  
  121  7:14  Probe  
  121  7:31  Phoenix  
  121  7:34  Colossus (Chrono Boost)  
  129  7:37  Zealot x2, Pylon  
  129  7:39  Pylon  
  133  7:48  Probe  
  133  7:55  Probe  
  133  7:56  Probe  
  133  7:57  Pylon  
  135  7:59  Forge  
  135  8:00  Probe  
  135  8:01  Forge  
  135  8:03  Assimilator  
  135  8:04  Gateway  
  135  8:05  Assimilator  
  136  8:06  Gateway, Pylon  
  136  8:08  Probe x2  
  136  8:10  Gateway  
  138  8:15  Pylon  
  138  8:18  Nexus  
  138  8:22  Colossus  
  144  8:27  Protoss Ground Weapons Level 1 (Chrono Boost), Protoss Ground Armor Level 1 (Chrono Boost)  
  144  8:29  Probe  
  145  8:34  Photon Cannon  
  145  8:38  Sentry  
  145  8:39  Zealot x3  
  153  8:42  Shield Battery  
  153  8:48  Photon Cannon  
  146  9:00  Probe x2 (Chrono Boost)  
  144  9:03  Phoenix  
  144  9:05  Probe (Chrono Boost)  
  132  9:12  Photon Cannon, Probe x2 (Chrono Boost)  
  132  9:13  Zealot  
  132  9:15  Probe (Chrono Boost)  
  137  9:17  Probe x2 (Chrono Boost)  
  137  9:20  Probe (Chrono Boost)  
  137  9:23  Templar Archives  
  137  9:26  Zealot x2  
  141  9:32  Probe (Chrono Boost)  
  141  9:37  Probe (Chrono Boost)  
  145  9:40  Probe x2 (Chrono Boost)  
  145  9:44  Probe (Chrono Boost)  
  147  9:47  Probe (Chrono Boost)  
  147  9:48  Probe x2 (Chrono Boost)  
  147  9:49  Probe (Chrono Boost)  
  150  9:54  Stalker x3  
  150  9:57  Probe  
  150  9:59  Observer, Probe x3  
  157  10:01  High Templar x2  
  157  10:06  Archon  
  161  10:09  Probe  
  161  10:10  Disruptor (Chrono Boost), Photon Cannon, High Templar x3  
  161  10:11  Probe  
  161  10:12  Shield Battery  
  172  10:15  Archon  
  172  10:18  High Templar  
  172  10:21  Protoss Ground Armor Level 2 (Chrono Boost), Protoss Ground Weapons Level 2 (Chrono Boost)  
  174  10:22  Probe  
  174  10:23  Archon  
  174  10:24  Observer, Pylon  
  175  10:31  Assimilator  
  175  10:39  Assimilator  
  175  10:41  Zealot x4  
  183  10:44  Disruptor (Chrono Boost)  
  184  11:02  Robotics Facility  
  184  11:08  Stalker x6  
  196  11:15  Nexus, Photon Cannon, Pylon  
  196  11:19  Photon Cannon  
  196  11:22  Pylon  
  196  11:25  Observer  
  191  11:31  Dark Shrine  
  191  11:32  Stalker x5  
  195  11:43  Photon Cannon x2  
  195  11:45  Disruptor (Chrono Boost)  
  195  11:46  Photon Cannon  
  195  11:47  Shield Battery  
  196  12:02  Photon Cannon  
  196  12:04  Disruptor  
  196  12:05  Photon Cannon  
  196  12:07  Probe  
  200  12:09  Photon Cannon  
  200  12:11  Shield Battery  
  200  12:12  Pylon  
  200  12:16  Gateway  
  200  12:21  Gateway  
  200  12:26  Photon Cannon  
  200  12:27  Shield Battery  
  200  12:29  Pylon  
  200  12:37  Gateway  
  200  12:41  Gateway  
  196  12:47  Shield Battery  
  196  12:48  Shield Battery  
  196  12:49  Zealot x2  
  200  12:55  Zealot x2  
  200  12:56  Zealot  
  200  12:57  Zealot x2  
  200  12:59  Zealot  
  174  13:13  Stalker x2  
  174  13:15  Disruptor  
  174  13:19  Zealot x5  
  185  13:23  Zealot, Protoss Ground Armor Level 3 (Chrono Boost)  
  185  13:24  Protoss Ground Weapons Level 3 (Chrono Boost)  
  185  13:25  Probe x2  
  181  13:28  Probe x2  
  183  13:37  Zealot x2  
  183  13:43  Zealot x4  
  187  13:51  Blink (Chrono Boost)  
  173  13:55  Stalker x2  
  177  14:02  Zealot  
  177  14:05  Probe  
  177  14:08  Probe x2  
  177  14:09  Shadow Stride (Chrono Boost), Probe  
  183  14:10  Stalker x5  
  183  14:13  Nexus  
  183  14:15  Pylon  
  193  14:20  Zealot  
  193  14:21  Pylon  
  195  14:31  Gateway  
  195  14:32  Disruptor  
  195  14:33  Disruptor, Gateway  
  195  14:36  Photon Cannon  
  195  14:37  Photon Cannon  
  199  14:39  Pylon  
  199  14:43  Phoenix (Chrono Boost)  
  198  14:54  Protoss Air Weapons Level 1 (Chrono Boost)  
  198  14:55  Fleet Beacon  
  198  14:57  Stalker  
  198  14:58  Stargate  
  198  15:01  Stargate  
  182  15:20  Stalker x8  
  182  15:21  Stalker  
  200  15:29  Photon Cannon  
  200  15:32  Photon Cannon  
  196  15:36  Pylon  
  194  16:00  Tempest  
  194  16:01  Protoss Shields Level 1  
  199  16:10  Nexus  
  199  16:12  Pylon  
  194  16:27  Tempest  
  199  16:39  Stalker x7  
  179  16:52  Stalker x3  
  179  16:53  Stalker x2  
  189  16:57  Tempest x2  
  195  17:08  Observer  
  189  17:11  Photon Cannon  
  189  17:14  Disruptor  
  188  17:17  Tempest  
  191  17:37  Photon Cannon  
  191  17:39  Protoss Air Weapons Level 2 (Chrono Boost)  
  191  17:40  Tempest x2  
  190  18:11  Probe  
  190  18:12  Dark Templar x5  
  199  18:28  Nexus  
  189  18:40  Disruptor x2  
  193  18:45  Dark Templar x3  
  199  18:54  Pylon  
  199  18:55  Pylon  
  191  19:15  Disruptor x2  
  195  19:45  Stalker x2  
  195  19:51  Disruptor  
  198  19:58  Stalker  
  197  20:01  Zealot x2, Dark Templar x2  
  181  20:10  Zealot x6  
  140  20:22  Dark Templar x4  
  146  20:34  Zealot x8  
  162  20:36  Probe x5  
  162  20:38  Pylon  
  164  20:48  Probe x2  
  164  20:49  Probe x3  
  170  20:50  Probe  
  170  20:56  Stalker x3  
  170  20:57  Stalker x3  
  176  21:00  Probe  
  176  21:01  Probe x2  
  187  21:05  Photon Cannon  
  187  21:06  Photon Cannon  
  187  21:08  Shield Battery  
Show
View Real Time Build Order
Export as new Build Order

Spirit Terran 

Build Orders:  

Get SALT Encoding   

  12  0:00  SCV  
  13  0:12  SCV  
  14  0:17  Supply Depot  
  14  0:24  SCV  
  15  0:39  SCV  
  15  0:41  Barracks  
  16  0:44  Refinery  
  16  0:51  SCV  
  17  1:03  SCV  
  18  1:15  SCV  
  19  1:28  Marine  
  19  1:29  Orbital Command  
  20  1:46  Reaper  
  21  1:49  Command Center  
  21  1:54  SCV  
  21  1:56  Supply Depot  
  22  2:06  SCV  
  23  2:10  Factory  
  23  2:19  SCV  
  23  2:22  Barracks Reactor, Bunker  
  24  2:29  Refinery  
  24  2:31  SCV  
  25  2:43  SCV  
  26  2:54  Hellion  
  26  2:55  SCV, Starport  
  28  2:58  Marine  
  28  2:59  Marine  
  30  3:06  Orbital Command  
  30  3:11  SCV  
  31  3:15  Widow Mine  
  31  3:16  Marine  
  31  3:17  Marine  
  35  3:32  SCV  
  34  3:34  Marine  
  34  3:35  SCV, Marine  
  34  3:36  Medivac  
  38  3:42  Widow Mine  
  38  3:45  SCV  
  41  3:48  SCV  
  41  3:49  Supply Depot  
  41  3:52  Marine  
  41  3:53  Marine  
  44  3:58  SCV  
  44  4:00  SCV  
  44  4:01  Barracks  
  44  4:05  Factory Tech Lab  
  44  4:08  Viking  
  45  4:10  SCV  
  45  4:16  Supply Depot  
  46  4:17  Marine  
  46  4:19  SCV  
  48  4:25  Marine  
  48  4:26  SCV  
  53  4:31  SCV  
  53  4:33  Supply Depot  
  53  4:37  Marine  
  55  4:42  SCV  
  55  4:43  Marine  
  57  4:48  Barracks  
  57  4:50  SCV  
  55  4:54  SCV  
  55  4:55  Marine  
  55  4:58  Stimpack  
  55  4:59  Marauder  
  59  5:00  Engineering Bay  
  59  5:01  Marine  
  59  5:02  SCV  
  58  5:08  Starport Reactor  
  58  5:09  SCV, Factory Reactor  
  58  5:13  Marine  
  60  5:14  SCV  
  60  5:18  Marine  
  60  5:19  Refinery  
  60  5:20  Marauder  
  60  5:21  Supply Depot, SCV  
  64  5:26  SCV  
  64  5:28  Terran Infantry Weapons Level 1  
  66  5:31  Marine  
  66  5:34  Supply Depot  
  67  5:35  SCV  
  67  5:36  Barracks Tech Lab, Marine  
  67  5:37  Refinery  
  69  5:43  Supply Depot, SCV  
  69  5:44  Medivac x2  
  69  5:46  Widow Mine  
  69  5:48  Widow Mine  
  78  5:53  Armory  
  78  5:57  SCV x2  
  78  5:58  Supply Depot, Marine  
  81  6:04  Marauder  
  81  6:08  Combat Shield  
  81  6:09  SCV x2  
  85  6:13  Supply Depot  
  87  6:21  SCV, Marine  
  89  6:26  SCV  
  89  6:32  Command Center  
  88  6:33  SCV  
  88  6:36  Marine  
  88  6:37  Marauder x2  
  88  6:39  SCV  
  95  6:43  Medivac x2  
  95  6:45  Concussive Shells  
  95  6:46  SCV  
  100  6:50  Supply Depot  
  100  6:51  Supply Depot  
  100  6:53  Marine  
  101  6:58  Marauder  
  101  7:00  Marauder, Marine  
  106  7:11  Marine  
  106  7:13  SCV, Medivac, Widow Mine x2  
  112  7:18  Marine  
  112  7:20  Marauder  
  112  7:21  Marine  
  112  7:22  Medivac  
  113  7:29  Marine  
  114  7:34  Widow Mine x2, Terran Infantry Armor Level 1  
  114  7:35  SCV  
  114  7:36  Marine  
  116  7:40  Marauder  
  116  7:43  Medivac  
  120  7:44  Marauder  
  120  7:47  Marine  
  120  7:48  Barracks, Orbital Command  
  123  7:53  Barracks  
  123  7:56  SCV x2, Widow Mine x2  
  127  7:58  Marine  
  127  8:01  Marauder  
  127  8:05  Marine  
  131  8:08  SCV  
  131  8:11  Ghost Academy, Marauder  
  131  8:12  Supply Depot, Orbital Command  
  134  8:16  SCV, Marine  
  134  8:17  Widow Mine  
  138  8:20  SCV  
  138  8:23  Marauder  
  141  8:34  Supply Depot, SCV, Marine x2  
  141  8:37  Supply Depot x2, Barracks Reactor  
  141  8:39  Barracks Tech Lab  
  141  8:40  Marine  
  145  8:45  Marauder  
  147  8:51  Ghost  
  147  9:01  Ghost  
  143  9:05  Ghost  
  143  9:16  SCV x3, Refinery  
  146  9:17  Refinery  
  146  9:20  Ghost  
  146  9:21  Marine  
  149  9:26  Marine  
  149  9:28  SCV x3  
  149  9:29  Ghost  
  151  9:33  Marine  
  151  9:34  Ghost  
  151  9:35  Marine  
  153  9:38  Marine  
  153  9:40  SCV x3  
  153  9:44  Terran Infantry Armor Level 2, Marine  
  158  9:48  Ghost  
  158  9:49  Engineering Bay  
  158  9:51  Marine  
  158  9:52  SCV x3, Marine  
  164  9:53  Supply Depot  
  164  9:57  Starport  
  164  9:59  Command Center  
  165  10:04  Viking x2, Marine  
  165  10:06  Marine  
  171  10:09  Marine  
  171  10:14  Terran Ship Weapons Level 1  
  172  10:16  Supply Depot, Terran Infantry Weapons Level 2  
  172  10:19  SCV x2, Marine  
  175  10:21  Marine  
  175  10:22  Marauder  
  175  10:24  Marine  
  179  10:33  Ghost  
  179  10:34  Marine  
  181  10:37  Viking x2  
  181  10:39  Supply Depot, Enhanced Shockwaves  
  183  10:43  SCV  
  183  10:47  Marine  
  183  10:48  Marauder, Marine  
  185  10:50  Marine  
  185  10:51  Marauder  
  185  10:56  Marine  
  182  10:59  Viking x2  
  182  11:02  Marine  
  187  11:05  Marine  
  187  11:06  Refinery  
  187  11:08  Refinery  
  187  11:09  Marauder  
  187  11:11  Viking x2  
  194  11:13  Planetary Fortress  
  194  11:16  SCV x3  
  197  11:23  Bunker  
  197  11:28  SCV x3  
  200  11:43  Command Center  
  200  11:44  Fusion Core, Missile Turret, Sensor Tower  
  200  11:46  Sensor Tower  
  200  11:59  Barracks  
  200  12:01  Barracks  
  200  12:03  Barracks  
  200  12:12  Command Center  
  200  12:15  Missile Turret  
  198  12:18  Missile Turret  
  198  12:20  Terran Infantry Armor Level 3  
  198  12:21  Terran Ship Weapons Level 2  
  198  12:33  Advanced Ballistics, Supply Depot  
  198  12:34  Supply Depot  
  198  12:35  Supply Depot  
  197  12:38  Missile Turret  
  197  12:58  Viking x2  
  192  13:00  Marauder, Marine  
  192  13:01  Barracks Tech Lab x3  
  192  13:02  Marine  
  191  13:06  Marine  
  191  13:07  Missile Turret  
  191  13:08  Marine  
  191  13:09  Marine  
  191  13:10  Marine  
  188  13:14  Liberator x2  
  188  13:18  Marine  
  194  13:22  Marauder  
  194  13:24  Terran Infantry Weapons Level 3  
  193  13:27  Liberator  
  193  13:28  Liberator  
  193  13:31  Marine, Orbital Command  
  197  13:42  Marine, Ghost  
  197  13:43  Refinery  
  197  13:46  Missile Turret  
  197  13:47  Refinery, Sensor Tower  
  188  13:51  Marine  
  188  13:52  Marine  
  188  13:54  Planetary Fortress  
  181  13:56  Liberator x2  
  187  14:05  Widow Mine  
  189  14:10  Liberator x2  
  195  14:26  Widow Mine  
  197  14:33  Command Center  
  197  14:38  Missile Turret  
  197  14:39  Liberator  
  197  14:40  Missile Turret  
  196  14:45  Personal Cloaking  
  196  14:47  Terran Vehicle And Ship Armor Level 1  
  196  14:48  Widow Mine  
  196  14:49  Marauder, Marine  
  190  15:09  Liberator x3  
  196  15:15  Marine  
  196  15:19  Marauder, Marine  
  200  15:32  Command Center  
  198  15:44  Command Center, Medivac  
  198  15:46  Neosteel Armor  
  200  16:11  Nuke  
  198  16:19  Marine, Ghost  
  198  16:25  Marine  
  197  16:28  Marine  
  197  16:31  Liberator  
  192  16:41  Marine x5  
  192  16:45  Liberator  
  194  16:48  Marine  
  194  16:49  Marauder  
  194  16:52  Medivac x2  
  194  16:53  Marauder x2, Marine  
  187  16:58  Marine  
  187  16:59  Marauder x3  
  184  17:09  Marine x2  
  184  17:10  Marauder  
  184  17:11  Marine  
  184  17:13  Viking  
  184  17:15  Marauder x2  
  192  17:16  Marine  
  192  17:20  Marine x2  
  192  17:21  Marauder  
  192  17:22  Medivac  
  199  17:27  Marine  
  200  17:41  Starport  
  200  17:42  Starport  
  194  17:47  Viking x3  
  186  17:52  Viking  
  186  17:57  Ghost  
  177  17:59  Marine x7  
  177  18:00  Marine  
  177  18:03  Marine  
  183  18:09  Planetary Fortress  
  177  18:17  Marine x7  
  177  18:18  Marine  
  177  18:19  Refinery x2  
  195  18:22  Liberator x4, Marauder  
  187  18:34  Marine x3, Ghost  
  187  18:35  Marine  
  187  18:37  Viking, Marine  
  187  18:39  Marauder x3  
  197  18:43  Marine  
  197  18:47  Viking  
  187  18:49  Missile Turret  
  187  18:52  Ghost  
  187  18:53  Marine  
  177  18:57  Marine x3  
  177  19:00  Ghost x2  
  177  19:01  Marauder x2  
  182  19:04  Marauder  
  185  19:11  Marine  
  185  19:15  Marine x3  
  188  19:21  Marauder  
  188  19:22  Marauder x2  
  194  19:25  Marauder  
  194  19:26  Medivac x4  
  194  19:29  SCV x3, Marine x2  
  198  19:43  Marauder x2, Marine  
  194  19:54  Marine  
  176  20:01  Marine  
  162  20:07  Marauder x5, Marine  
  162  20:08  Marauder  
  162  20:11  Marine  
  162  20:12  Marine  
  162  20:13  Liberator x2  
  158  20:18  Marine, Orbital Command  
  136  20:25  Marine  
  136  20:27  SCV x3  
  133  20:39  SCV x3  
  132  20:43  Ghost x6  
  132  20:44  Marine x4  
  128  20:51  SCV x3  
  129  20:57  Refinery  
  129  21:01  Marine  
  129  21:02  Marine x3  
  129  21:03  SCV  
  124  21:08  Refinery  
Tags
 
Add a new tag
Caveats
  • Supply blocks, unpowered buildings, or Contaminate may cause inaccurate times.
  • Supply counts are checked every 10 seconds.